 Dungeon Crawl Stone Soup version 0.30-a0-457-g4b7bca3bfa (webtiles) character file.

Game seed: 10075906286564197839

715 arthad the Trooper (level 7, -12/44 HPs)
             Began as a Gargoyle Fighter on Dec 13, 2022.
             Was an Initiate of Makhleb.
             Mangled by an ogre
             ... wielding a +0 giant spiked club
              (16 damage)
             ... on level 5 of the Dungeon.
             The game lasted 00:06:25 (3543 turns).

arthad the Trooper (Gargoyle Fighter)               Turns: 3543, Time: 00:06:26

Health: -12/44     AC: 13    Str: 21    XL:     7   Next: 69%
Magic:  7/7        EV: 10    Int:  9    God:    Makhleb [......]
Gold:   119        SH:  0    Dex: 10    Spells: 6/6 levels left

rFire   . . .      SeeInvis .    v - +5 battleaxe "Yskego" {speed, *Noise rPois rCorr Dex-2}
rCold   . . .      Faith    .    (shield currently unavailable)
rNeg    + + .      Spirit   .    b - +0 scale mail
rPois   ∞          Reflect  .    g - +1 hat of Jeint {Dex+3}
rElec   +          Harm     .    (no cloak)
rCorr   +          Rampage  .    (no gloves)
Will    .....                    (no boots)
Stlth   ..........               (no amulet)
HPRegen 0.27/turn                o - ring of positive energy
MPRegen 0.10/turn                s - ring of resist corrosion

@: no status effects
A: sickness immunity, AC +4, negative energy resistance 1, electricity
resistance, torment resistance 1, petrification resistance
a: Renounce Religion


You were on level 5 of the Dungeon.
You worshipped Makhleb.
Makhleb was noncommittal.
You visited 1 branch of the dungeon, and saw 5 of its levels.

You collected 303 gold pieces.
You spent 184 gold pieces at shops.

Inventory:

Hand Weapons
 a - a +0 flail
 d - a +5 scythe of venom
 u - a +0 hand axe of venom
 v - the +5 battleaxe "Yskego" (weapon) {speed, *Noise rPois rCorr Dex-2}
   (You bought it in a shop on level 1 of the Dungeon)

   Attacks with this weapon are significantly faster.
   Dex:       It affects your dexterity (-2).
   rPois:     It protects you from poison.
   *Noise:    It may make noises in combat.
   rCorr:     It protects you from acid and corrosion.
Missiles
 e - 19 poisoned darts (quivered)
Armour
 b - a +0 scale mail (worn)
 c - a +0 buckler
 g - the +1 hat of Jeint (worn) {Dex+3}
   (You found it on level 2 of the Dungeon)

   Dex:       It affects your dexterity (+3).
 x - a +2 robe of cold resistance
Jewellery
 o - a ring of positive energy (left hand)
 s - a ring of resist corrosion (right hand)
Wands
 r - a wand of polymorph (14)
Scrolls
 h - a scroll of immolation {unknown}
 i - 6 scrolls of identify {unknown}
 j - a scroll of acquirement {unknown}
 k - a scroll of magic mapping {unknown}
 l - 3 scrolls of teleportation {unknown}
 m - a scroll of noise {unknown}
 t - a scroll of vulnerability {unknown}
 y - a scroll of fear {unknown}
 A - a scroll of blinking {unknown}
Potions
 f - a potion of mutation {unknown}
 n - a potion of might
 p - a potion of lignification {unknown}
 q - 2 potions of flight {unknown}
 w - 2 potions of attraction {unknown}
 z - 3 potions of heal wounds


   Skills:
 * Level 5.6 Fighting
 * Level 2.3(3.1) Axes
 - Level 3.3(3.8) Maces & Flails
 * Level 5.5 Armour
 + Level 2.0 Dodging
 - Level 4.0 Shields
 + Level 1.5 Evocations


You had 6 spell levels left.
You didn't know any spells.
Your spell library contained the following spells:

 Spells                   Type           Power      Damage    Failure   Level
 Portal Projectile        Hex/Tloc       0%         N/A       97%         3
 Tukima's Dance           Hex            0%         N/A       97%         3
 Blade Hands              Tmut           0%         N/A       100%        5


Dungeon Overview and Level Annotations

Branches:
Dungeon (5/15)
 Temple: D:4-7

Altars:
Ashenzari
Kikubaaqudgha
Makhleb
Qazlal

Shops:
D:1 (   D:2 [


Innate Abilities, Weirdness & Mutations

You are immune to sickness and miasma.
Your stone body is resilient. (AC +4)
You are immune to poison.
You resist negative energy. (rN+)
You are resistant to electric shocks. (rElec)
You are resistant to unholy torment.
You are immune to petrification.


Message History

The centaur unwields a +0 shortbow.
The centaur hits you but does no damage.
The centaur kicks you.
The centaur hits you but does no damage.
The centaur barely misses you.
You slice the centaur!!
You kill the centaur!
Makhleb accepts your kill.
Your Dodging skill increases to level 2!
You hit the quokka but do no damage. The quokka barely misses you.
You miss the quokka.
The quokka bites you but does no damage.
The quokka closely misses you.
You closely miss the quokka.
The quokka bites you but does no damage.
You miss the quokka.
The quokka bites you but does no damage.
You miss the quokka.
The quokka bites you but does no damage.
You slice the quokka!!
You kill the quokka!
Makhleb accepts your kill.
You barely miss the ogre.
The ogre hits you with a +0 giant spiked club!
You barely miss the ogre. You barely miss the ogre.
The ogre hits you with a +0 giant spiked club!!
Ouch! That really hurt!
* * * LOW HITPOINT WARNING * * *
You are too injured to fight recklessly!
You are too injured to fight recklessly!
You are too injured to fight recklessly!
You are too injured to fight recklessly!
You are too injured to fight recklessly!
You are too injured to fight recklessly!
You are too injured to fight recklessly!
You slash the ogre!
The ogre is heavily wounded.
The ogre hits you with a +0 giant spiked club!
You die...

<...........#
#######.##..#
#....##..#
#.#####..#
...####.## #..# .
.........# #..#
.....####..# #..#
....)####.<####..#
......O@).(......#
#.##.####[)#####..
#.)# ......
###.##.# #.# .#
#.# # ..# ##


You could see an ogre.

Vanquished Creatures
  Sigmund (D:2)
  A black bear (D:5)
  A centaur (D:5)
  Blork the orc (D:4)
  A necrophage (D:4)
  A jelly (D:5)
  A gnoll bouda (D:5)
  An orc wizard (D:5)
  8 gnolls
  2 adders
  An ufetubus (D:5)
  2 worms
  A dart slug (D:3)
  4 orcs (D:5)
  4 endoplasms (D:3)
  7 goblins
  3 hobgoblins (D:3)
  3 jackals (D:1)
  3 quokkas
  5 ball pythons
  3 bats
  2 frilled lizards (D:2)
  7 kobolds
  19 rats
82 creatures vanquished.

Vanquished Creatures (others)
  3 plants (D:2)
3 creatures vanquished.

Grand Total: 85 creatures vanquished

Notes
Turn   | Place    | Note
-------+----------+-------------------------------------------
     0 | D:1      | arthad the Gargoyle Fighter began the quest for the Orb.
     0 | D:1      | Reached XP level 1. HP: 14/14 MP: 1/1
   445 | D:1      | Reached XP level 2. HP: 19/19 MP: 2/2
   481 | D:1      | Found Geosk's Antique Weapon Shoppe.
   827 | D:2      | Noticed Sigmund
   915 | D:2      | Killed Sigmund
   916 | D:2      | Reached skill level 1 in Dodging
   916 | D:2      | Reached XP level 3. HP: 9/24 MP: 3/3
   916 | D:2      | Reached XP level 4. HP: 11/30 MP: 4/4
   916 | D:2      | Reached XP level 5. HP: 13/34 MP: 5/5
  1044 | D:2      | Identified the +1 hat of Jeint {Dex+3}
  1103 | D:2      | Found Loddaziz's Antique Armour Shop.
  1847 | D:1      | Bought a steaming battleaxe for 184 gold pieces
  1847 | D:1      | Identified the +5 battleaxe "Yskego" {speed, *Noise rPois
                  | rCorr Dex-2} (You bought it in a shop on level 1 of the
                  | Dungeon)
  1928 | D:3      | Reached XP level 6. HP: 39/39 MP: 6/6
  1953 | D:3      | Found a stormy altar of Qazlal.
  2023 | D:3      | Found an ancient bone altar of Kikubaaqudgha.
  2259 | D:4      | Noticed Blork the orc
  2265 | D:4      | Killed Blork the orc
  2298 | D:4      | Reached skill level 1 in Axes
  2674 | D:4      | Found a broken altar of Ashenzari.
  2746 | D:4      | Reached skill level 5 in Fighting
  3075 | D:4      | Found a burning altar of Makhleb.
  3233 | D:4      | Became a worshipper of Makhleb the Destroyer
  3289 | D:5      | Entered Level 5 of the Dungeon
  3294 | D:5      | Reached skill level 5 in Armour
  3294 | D:5      | Reached XP level 7. HP: 42/44 MP: 7/7
  3303 | D:5      | Reached skill level 1 in Evocations
  3543 | D:5      | Mangled by an ogre

Illustrated notes

Levels and vault maps discovered:
D:1:      wander_arrival_desolate, layout_basic, serial_shops, shop_coins
D:2:      layout_rooms, serial_shops, nicolae_shop_overgrown_old_shop,
          uniq_sigmund
D:3:      layout_rooms, lemuel_doored_altar, nicolae_qazlal_general_emergency,
          minmay_rat_hole
D:4:      nicolae_cairo_tiling_large, layout_cave_pods, lemuel_tele_altar,
          nicolae_ashenzari_panopticon, uniq_blork_the_orc
D:5:      layout_loops_ring, mainiacjoe_overflow_paths, dk_noncrumbling_3

Skill      XL: |  1  2  3  4  5  6  7 |
---------------+----------------------+-----
Fighting       | 4 5 |  5.6
Maces & Flails | 3 |  3.3
Armour         | 4 5 |  5.5
Dodging        | 1 2 |  2.0
Shields        | 4 |  4.0
Axes           | 1 2 |  2.3
Evocations     | 1 |  1.5

Action                   |  1- 3 |  4- 6 |  7- 9 || total
-------------------------+-------+-------+-------++-------
Melee: Flail             |    53 |   128 |       ||   181
       Battleaxe         |       |    43 |    35 ||    78
  Use: Potion            |     2 |       |       ||     2
       Scroll            |     1 |       |       ||     1
Armor: Scale mail        |    44 |   102 |    37 ||   183
Dodge: Dodged            |    31 |   104 |    25 ||   160
Block: Buckler           |    14 |    37 |       ||    51

Table legend: (Time is in decaauts)
 A = Elapsed time spent in this place.
 B = Non-inter-level travel time spent in this place.
 C = Inter-level travel time spent in this place.
 D = Time resting spent in this place.
 E = Time spent auto-exploring this place.
 F = Levels seen in this place.
 G = Mean time per level.
                   A        B        C        D        E       F      G
               +--------+--------+--------+--------+--------+-----+--------+
         Total |   3601 |   3313 |    288 |    205 |   2482 |   5 |  720.2 |
       Dungeon |   3601 |   3313 |    288 |    205 |   2482 |   5 |  720.2 |
               +--------+--------+--------+--------+--------+-----+--------+

Top non-repeatable levels by time:
     D:4: 1254 daAuts
     D:1: 955 daAuts
     D:3: 737 daAuts
     D:2: 540 daAuts
     D:5: 112 daAuts
